 Dungeon Crawl Stone Soup version 0.17-a0-1830-g81820eb (webtiles) character file.

130893 4thArraOfDagon the Severer (level 16, -9/150 HPs)
             Began as a Deep Dwarf Berserker on Sept 13, 2015.
             Was an Elder of Trog.
             Shot with a sling bullet by a faun (14 damage)
             ... on level 3 of the Shoals.
             The game lasted 01:11:55 (11567 turns).

4thArraOfDagon the Severer (Deep Dwarf Berserker)  Turns: 11567, Time: 01:11:55

Health: -9/150     AC: 33    Str: 29    XL:     16   Next: 54%
Magic:  20/20      EV:  5    Int: 11    God:    Trog [****..]
Gold:   1364       SH:  0    Dex: 16    Spells: 0 memorised, 15 levels left

rFire  + . .     SeeInvis .     C - +5 hand axe of the Ancient Realms {freeze, rC- Int+4 Dex+4 Stlth+}
rCold  x . .     Clarity  .     E - +3 plate armour {rPois}
rNeg   + + +     SustAt   .     Q - +0 shield of Raim {rF+}
rPois  +         Gourm    +     (no helmet)
rElec  .         Spirit   .     o - +2 cloak {MR+}
rCorr  .         Warding  .     (no gloves)
rMut   .         Stasis   .     e - +0 pair of boots
MR     +++..                    g - amulet of the gourmand
Stlth  ..........               k - ring of Robustness {AC+8}
                                j - ring of Greed {+Fly rN++}

@: lethally poisoned (-9 -> -9), exhausted, flying, very slightly contaminated,
held, non-regenerating, slowed, very slow, extremely resistant to hostile
enchantments, extremely unstealthy
A: damage resistance, recharge devices, negative energy resistance 1, sense
surroundings 2, slow healing 3
a: Device Recharging, Burn Spellbooks, Berserk, Trog's Hand, Brothers in Arms,
Renounce Religion, Stop Flying


You were on level 3 of the Shoals.
You worshipped Trog.
Trog was greatly pleased with you.
You were not hungry.

You visited 5 branches of the dungeon, and saw 29 of its levels.
You also visited: Volcano.

You collected 2518 gold pieces.
You spent 1154 gold pieces at shops.

Inventory:

Hand weapons
 p - a +0 blowgun
 A - a +0 broad axe of holy wrath
 B - a +2 scimitar of flaming
 C - the +5 hand axe of the Ancient Realms (weapon) {freeze, rC- Int+4 Dex+4 Stlth+}
   (You bought it in a shop on level 4 of the Orcish Mines)

   It has been specially enchanted to freeze those struck by it, causing extra
   injury to most foes and up to half again as much damage against particularly
   susceptible opponents.
   It can also slow down cold-blooded creatures.
   It affects your intelligence (+4).
   It affects your dexterity (+4).
   It makes you vulnerable to cold.
   It makes you more stealthy.
Missiles
 q - 15 poisoned needles
 x - 7 curare-tipped needles
Armour
 e - a +0 pair of boots (worn)
 o - a +2 cloak of magic resistance (worn)
 E - a +3 plate armour of poison resistance (worn)
 Q - the +0 shield of Raim (worn) {rF+}
   (You took it off a deep elf demonologist on level 3 of the Elven Halls)

   It protects you from fire.
Magical staves
 w - an uncursed staff of energy {!a}
Rods
 Y - a +4 rod of inaccuracy (9/9)
   (You found it on level 4 of the Lair of Beasts)
Jewellery
 g - an amulet of the gourmand (around neck)
 j - the ring of Greed (left hand) {+Fly rN++}
   (You found it on level 8 of the Lair of Beasts)

   [ring of flight]

   It greatly protects you from negative energy.
   It lets you fly.
 k - the ring of Robustness (right hand) {AC+8}
   (You took it off a deep elf sorcerer on level 3 of the Elven Halls)

   [ring of protection]

   It affects your AC (+8).
 l - an uncursed amulet of resist mutation
 n - an uncursed ring of see invisible
 r - an uncursed ring of poison resistance
 u - an uncursed amulet of rage
 G - an uncursed amulet of warding
 H - an uncursed amulet of resist corrosion
 O - an uncursed ring of protection from fire
Magical devices
 c - a wand of heal wounds (4)
 s - a wand of disintegration (5)
 y - a wand of digging (4)
 V - a wand of digging (13)
 X - a wand of draining (10)
Scrolls
 a - a scroll of fog
 m - 3 scrolls of remove curse
 t - 5 scrolls of enchant weapon
 J - a scroll of teleportation
 K - a scroll of fear
 M - 2 scrolls of blinking
 N - a scroll of magic mapping
Potions
 h - a potion of magic
 v - 2 potions of haste
 z - a potion of brilliance
 D - 6 potions of curing
 I - 3 potions of agility
 L - a potion of lignification
 R - 2 potions of berserk rage
 Z - a potion of heal wounds
Books
 b - an Akashic Record

   Spells                             Type                      Level
   a - Dispersal                      Translocation                6
   b - Controlled Blink               Translocation                7
   c - Malign Gateway                 Summoning/Translocation      7
   d - Disjunction                    Translocation                8
   Trog disapproves of the use of such an item.
 F - the Collected Works on Confrontation and the Voyage
   (You found it on level 3 of the Elven Halls)

   Spells                             Type                      Level
   a - Apportation                    Translocation                1
   b - Mephitic Cloud                 Conjuration/Poison/Air       3
   c - Force Lance                    Conjuration/Translocation    4
   d - Passage of Golubria            Translocation                4
   e - Bolt of Fire                   Conjuration/Fire             6
   Trog disapproves of the use of such an item.
 P - a book of the Tempests

   Spells                             Type                      Level
   a - Static Discharge               Conjuration/Air              3
   b - Lightning Bolt                 Conjuration/Air              5
   c - Fireball                       Conjuration/Fire             5
   d - Tornado                        Air                          9
   e - Shatter                        Earth                        9
   Trog disapproves of the use of such an item.
 S - a book of the Earth

   Spells                             Type                      Level
   a - Leda's Liquefaction            Hexes/Earth                  4
   b - Bolt of Magma                  Conjuration/Fire/Earth       5
   c - Statue Form                    Transmutation/Earth          6
   d - Iron Shot                      Conjuration/Earth            6
   e - Shatter                        Earth                        9
   Trog disapproves of the use of such an item.
 T - the Incunabulum of Moulding and Weightlessness
   (You found it on level 3 of the Elven Halls)

   Spells                             Type                      Level
   a - Shock                          Conjuration/Air              1
   b - Sticks to Snakes               Transmutation                2
   c - Airstrike                      Air                          4
   d - Blade Hands                    Transmutation                5
   e - Dragon Form                    Transmutation                7
   Trog disapproves of the use of such an item.
 U - a book of Annihilations

   Spells                             Type                      Level
   a - Poison Arrow                   Conjuration/Poison           6
   b - Chain Lightning                Conjuration/Air              8
   c - Lehudib's Crystal Spear        Conjuration/Earth            8
   d - Glaciate                       Conjuration/Ice              9
   e - Fire Storm                     Conjuration/Fire             9
   Trog disapproves of the use of such an item.
Miscellaneous
 f - a phial of floods
 W - a lamp of fire
Comestibles
 d - 6 bread rations
 i - 5 meat rations


   Skills:
 + Level 11.3 Fighting
 * Level 20.3 Axes
 + Level 15.1 Armour
 - Level 2.1 Dodging
 - Level 13.0 Shields
 - Level 8.4 Evocations


You had 15 spell levels left.
You didn't know any spells.

Dungeon Overview and Level Annotations

Branches:
Dungeon (11/15)              Lair (8/8) D:10         Shoals (3/4) Lair:5
 Spider (0/4) Lair:5        Slime (0/6) Lair:6          Orc (4/4) D:10
    Elf (3/3) Orc:3
 Temple: D:4-7

Altars:
Ashenzari
Dithmenos
Elyvilon
Gozag
Nemelex Xobeh
Okawaru
Qazlal
Xom
Beogh

Shops:
Orc:4 =*((   Elf:1 (   Elf:3 (

Annotations:
Elf:2 3 runed doors


Innate Abilities, Weirdness & Mutations

You are resistant to damage.
You can recharge devices by infusing magical energy.
You resist negative energy.
You passively map the area around you.
You do not heal naturally.


Message History

The merfolk javelineer hits you but does no damage.
The siren hits you but does no damage.
Unknown command.
Unknown command.
Read which item? (? for menu, Esc to quit)
Blink to where?
Press: ? - help, Dir - move target cursor You are very lightly contaminated with residual magic.
As you read the scroll of blinking, it crumbles to dust.
The faun shoots a sling bullet.
The sling bullet closely misses you.
The faun unwields an uncursed quarterstaff.
The faun wields a hunting sling.
The faun shoots a stone.
The stone hits you but does no damage.
The siren chants a haunting song.
You resist with almost no effort.
The merfolk throws a throwing net.
The throwing net hits you.
You become entangled in the net!
The siren chants a haunting song.
You resist with almost no effort.
The faun shoots a sling bullet.
The sling bullet hits you!
You die...

≈, * ≈ , , ...≈
≈≈≈≈≈≈≈≈≈ ≈≈≈≈≈. *≈.....
.≈≈≈≈≈≈≈ ≈
≈≈≈≈≈|###......##≈≈≈≈≈≈≈
≈
≈≈≈≈≈≈≈........#..≈≈≈..≈
≈ ..≈≈≈≈....≈≈≈...≈≈≈...
≈ ≈
#.≈......≈≈≈...≈≈!... ≈
*#.≈≈.##...≈≈≈..≈≈≈≈.. ≈
≈≈, *
#(≈≈.....≈≈≈≈≈.≈≈≈≈≈. ≈
≈ ≈
#...@.≈m≈≈≈≈≈≈≈≈≈≈≈≈≈ ≈≈
#......[≈≈≈≈≈≈≈≈≈≈≈≈≈ *
##.....c≈c≈.<.≈≈.≈≈≈≈
#......≈≈....≈≈≈.≈≈≈ ,*
#......≈≈≈...≈≈≈≈≈≈≈ ≈
#......≈≈≈≈≈≈.≈≈≈≈≈≈ ≈
......m≈≈≈m≈≈≈.....≈
#.###....≈≈§≈≈≈...... ≈
≈ ,, #..#####≈#####H..


You could see a merfolk, 2 fauns and 2 sirens.

Vanquished Creatures
  Rupert (Orc:3)
  4 deep elf blademasters (Elf:3)
  A deep elf master archer (Elf:3)
  12 deep elf sorcerers (Elf:3)
  Aizul (Elf:3)
  4 deep elf demonologists (Elf:3)
  2 large abominations
  4 dire elephants (Lair:8)
  9 deep elf annihilators (Elf:3)
  5 deep elf death magi
  A merfolk javelineer (Shoals:1)
  3 merfolk impalers
  Josephine (Lair:6)
  6 deep elf high priests (Elf:3)
  An alligator snapping turtle (Shoals:2)
  A merfolk avatar (Shoals:1)
  2 merfolk aquamancers
  4 death yaks (Lair:4)
  An anaconda (Lair:8)
  A satyr (Shoals:2)
  5 orc high priests (Orc:4)
  Sonja (Orc:2)
  10 deep elf knights
  A small abomination (Elf:1)
  10 deep elf summoners
  3 sea snakes (Shoals:1)
  5 orc knights (Orc:4)
  11 deep elf conjurers
  4 fauns (Shoals:2)
  A water nymph (Shoals:1)
  4 harpies (Shoals:2)
  A sphinx skeleton (Volcano)
  8 cyclopes (Shoals:2)
  4 elephants (Lair:8)
  2 manticores
  2 griffons
  A siren (Lair:5)
  Maurice (D:8)
  A black mamba (Lair:6)
  A torpor snail (Lair:6)
  3 komodo dragons
  4 fire drakes
  9 spiny frogs
  10 deep elf priests
  A polar bear (Lair:2)
  3 trolls
  8 merfolk
  A boulder beetle (Lair:8)
  5 blink frogs
  2 snapping turtles
  2 flying skulls (Volcano)
  A spriggan (Lair:2)
  3 wraiths (Lair:6)
  4 water elementals (Shoals:2)
  16 deep elf magi
  4 hippogriffs
  2 vampires (Volcano)
  20 yaks
  A wyvern (Lair:8)
  A hill giant skeleton (Volcano)
  Menkaure (Volcano)
  A warg (D:10)
  5 water moccasins
  19 deep elf fighters
  2 merfolk skeletons (Volcano)
  20 wolves
  6 porcupines
  30 orc warriors
  A black bear (Lair:2)
  2 ice beasts
  6 ogres
  A manticore skeleton (Volcano)
  6 crocodiles
  A centaur (D:9)
  A big kobold (D:8)
  4 giant frogs
  2 scorpions (Lair:5)
  3 wights (D:10)
  A spriggan skeleton (Volcano)
  A giant frog zombie (D:10)
  2 jellies
  A centaur zombie (D:6)
  38 orc priests
  A giant frog skeleton (D:10)
  An iguana (Lair:5)
  A two-headed ogre skeleton (Volcano)
  2 centaur skeletons (Volcano)
  12 orc wizards
  3 worker ants
  20 sheep
  An ogre skeleton (Volcano)
  2 naga skeletons (Volcano)
  3 mummies (Volcano)
  A gnoll (D:7)
  23 river rats
  2 adders
  2 shadow imps
  4 oozes (Lair:6)
  An adder skeleton (D:6)
  4 worms (Lair:5)
  2 giant geckos
  122 orcs
  A ball python (D:2)
  A bat (D:2)
  3 giant cockroaches
  6 goblins
  3 hobgoblins
  3 jackals (D:5)
  A giant newt (D:6)
  8 kobolds
  2 quokkas
  2 rats (D:3)
  A crawling corpse (Elf:1)
  6 fungi
  6 plants (Lair:8)
644 creatures vanquished.

Vanquished Creatures (collateral kills)
  Mara (Elf:3)
1 creature vanquished.

Vanquished Creatures (others)
  A merfolk aquamancer (Shoals:3)
  A sea snake (Shoals:2)
  A deep elf mage (Elf:3)
  12 fungi
  2 plants
17 creatures vanquished.

Grand Total: 662 creatures vanquished

Notes
Turn   | Place    | Note
--------------------------------------------------------------
     0 | D:1      | 4thArraOfDagon the Deep Dwarf Berserker began the quest for the Orb.
     0 | D:1      | Reached XP level 1. HP: 20/20 MP: 1/1
    36 | D:2      | Found a white marble altar of Elyvilon.
    53 | D:2      | Reached XP level 2. HP: 26/27 MP: 2/2
   222 | D:2      | You fall through a shaft!
   232 | D:3      | Found a shattered altar of Ashenzari.
   277 | D:3      | Reached skill level 4 in Axes
   277 | D:3      | Reached XP level 3. HP: 26/34 MP: 3/3
   350 | D:4      | Acquired Trog's second power
   385 | D:4      | Reached XP level 4. HP: 42/42 MP: 4/4
   417 | D:5      | Entered Level 5 of the Dungeon
   418 | D:5      | Noticed an ice beast
   421 | D:5      | Noticed an ogre
   427 | D:5      | Killed an ice beast
   427 | D:5      | Reached skill level 5 in Axes
   427 | D:5      | Reached XP level 5. HP: 49/49 MP: 5/5
   430 | D:5      | Killed an ogre
   476 | D:5      | Reached XP level 6. HP: 43/57 MP: 6/6
   530 | D:3      | Reached skill level 6 in Axes
   776 | D:6      | Noticed an ogre
   790 | D:6      | Found a shimmering altar of Xom.
   795 | D:6      | Found an opulent altar of Gozag.
   836 | D:7      | Found a shadowy altar of Dithmenos.
   959 | D:7      | Found a stormy altar of Qazlal.
  1044 | D:8      | Noticed Maurice
  1062 | D:8      | Killed Maurice
  1062 | D:8      | Reached skill level 7 in Axes
  1062 | D:8      | Reached XP level 7. HP: 66/66 MP: 7/7
  1176 | D:8      | Reached skill level 5 in Armour
  1344 | D:9      | Reached skill level 5 in Fighting
  1344 | D:9      | Reached XP level 8. HP: 73/74 MP: 8/8
  1361 | D:10     | Entered Level 10 of the Dungeon
  1370 | D:10     | Reached skill level 8 in Axes
  1405 | D:10     | Found a staircase to the Lair.
  1592 | D:11     | Noticed a hill giant
  1599 | D:11     | Noticed a brown ugly thing
  1707 | D:10     | Reached skill level 1 in Evocations
  1760 | D:9      | Found an iron altar of Okawaru.
  1871 | D:10     | Found a staircase to the Orcish Mines.
  1883 | D:10     | Reached skill level 9 in Axes
  1938 | Orc:1    | Entered Level 1 of the Orcish Mines
  1979 | Orc:1    | Found a roughly hewn altar of Beogh.
  2115 | Orc:1    | You fall through a shaft!
  2115 | Orc:2    | Noticed a troll
  2126 | Orc:2    | Killed a troll
  2126 | Orc:2    | Gained mutation: You passively map the area around you. [Deep Dwarf growth]
  2126 | Orc:2    | Reached XP level 9. HP: 82/82 MP: 11/11
  2229 | Orc:2    | Noticed Sonja
  2249 | Orc:2    | Killed Sonja
  2249 | Orc:2    | Reached skill level 10 in Axes
  2249 | Orc:2    | Reached skill level 5 in Evocations
  2253 | Orc:2    | HP: 3/85 [poisoned by Sonja (curare-tipped needle)]
  2372 | Orc:3    | Found a roughly hewn altar of Beogh.
  2507 | Orc:3    | Noticed Rupert
  2533 | Orc:3    | Killed Rupert
  2533 | Orc:3    | Reached skill level 11 in Axes
  2533 | Orc:3    | Reached XP level 10. HP: 94/94 MP: 12/15
  2705 | Orc:4    | Entered Level 4 of the Orcish Mines
  2955 | Orc:3    | Acquired Trog's third power
  2959 | Orc:3    | Received a gift from Trog
  3011 | Orc:2    | Noticed a troll
  3019 | Orc:2    | Killed a troll
  3245 | Orc:4    | Found a roughly hewn altar of Beogh.
  3283 | Orc:4    | Reached skill level 12 in Axes
  3746 | Orc:4    | Noticed an orc high priest
  3771 | Orc:4    | Killed an orc high priest
  3771 | Orc:4    | Reached XP level 11. HP: 103/103 MP: 16/16
  3815 | Orc:4    | Noticed an orc knight
  3829 | Orc:4    | Killed an orc knight
  3940 | Orc:4    | Noticed an orc knight
  4002 | Orc:4    | Killed an orc knight
  4116 | Orc:4    | Noticed an orc high priest
  4141 | Orc:4    | Killed an orc high priest
  4141 | Orc:4    | Reached skill level 13 in Axes
  4197 | Orc:4    | Noticed an orc knight
  4205 | Orc:4    | Noticed an orc high priest
  4223 | Orc:4    | Killed an orc high priest
  4226 | Orc:4    | Killed an orc knight
  4237 | Orc:4    | Noticed an orc high priest
  4261 | Orc:4    | Killed an orc high priest
  4384 | Orc:4    | Noticed an orc high priest
  4414 | Orc:4    | Killed an orc high priest
  4414 | Orc:4    | Reached skill level 10 in Armour
  4529 | Orc:4    | Noticed an orc knight
  4531 | Orc:4    | Noticed an orc knight
  4540 | Orc:4    | Found Puon's Weapon Boutique.
  4540 | Orc:4    | Found Irphalesaf's Jewellery Boutique.
  4541 | Orc:4    | Found Ovuitocs's Weapon Shop.
  4541 | Orc:4    | Found Jiphupur's Assorted Antiques.
  4553 | Orc:4    | Killed an orc knight
  4555 | Orc:4    | Killed an orc knight
  4576 | Orc:4    | Bought a warped hand axe for 264 gold pieces
  4576 | Orc:4    | Bought a puce potion for 29 gold pieces
  4576 | Orc:4    | Bought a purple potion for 29 gold pieces
  4576 | Orc:4    | Bought a puce potion for 29 gold pieces
  4576 | Orc:4    | Bought a scorched shield for 313 gold pieces
  4583 | Orc:4    | Identified the +5 hand axe of the Ancient Realms {freeze, rC- Int+4 Dex+4 Stlth+} (You bought it in a shop on level 4 of the Orcish Mines)
  4589 | Orc:4    | Identified the +5 shield of the Farrier {+Inv} (You bought it in a shop on level 4 of the Orcish Mines)
  4594 | Orc:4    | Bought an uncursed amulet of warding for 210 gold pieces
  4594 | Orc:4    | Bought an uncursed amulet of resist corrosion for 280 gold pieces
  4674 | Orc:3    | Reached skill level 14 in Axes
  5089 | Orc:3    | Found a staircase to the Elven Halls.
  5100 | Elf:1    | Entered Level 1 of the Elven Halls
  5102 | Elf:1    | Found Fehiblue's Antique Weapon Shop.
  5119 | Elf:1    | Reached skill level 1 in Shields
  5164 | Elf:1    | Noticed a deep elf summoner
  5164 | Elf:1    | Noticed a deep elf death mage
  5165 | Elf:1    | Noticed a deep elf death mage
  5180 | Elf:1    | Killed a deep elf death mage
  5180 | Elf:1    | Reached XP level 12. HP: 107/114 MP: 18/18
  5183 | Elf:1    | Killed a deep elf summoner
  5192 | Elf:1    | Noticed a deep elf summoner
  5206 | Elf:1    | Killed a deep elf death mage
  5291 | Elf:1    | Killed a deep elf summoner
  5339 | Elf:1    | Reached skill level 5 in Shields
  5666 | Elf:3    | Entered Level 3 of the Elven Halls
  5667 | Elf:3    | Identified a scroll of acquirement
  5687 | Elf:2    | :(
  5692 | Elf:2    | Noticed a deep elf death mage
  5700 | Elf:2    | Killed a deep elf death mage
  5700 | Elf:2    | Reached skill level 15 in Axes
  5892 | Elf:3    | Reached XP level 13. HP: 80/121 MP: 18/18
  5932 | Elf:3    | Found Asaodeti's Antique Weapon Emporium.
  6043 | Elf:3    | Noticed Mara
  6191 | Elf:2    | Found a runed gate.
  6192 | Elf:2    | Found a runed gate.
  6192 | Elf:2    | Found a runed gate.
  6459 | Elf:3    | Killed Mara
  6459 | Elf:3    | Reached skill level 16 in Axes
  6479 | Elf:3    | Found a sparkling altar of Nemelex Xobeh.
  6608 | Elf:3    | Noticed a deep elf high priest
  6608 | Elf:3    | Noticed a deep elf annihilator
  6611 | Elf:3    | Noticed a deep elf sorcerer
  6617 | Elf:3    | Killed a deep elf high priest
  6626 | Elf:3    | Killed a deep elf annihilator
  6628 | Elf:3    | Noticed a deep elf demonologist
  6640 | Elf:3    | Killed a deep elf demonologist
  6640 | Elf:3    | Reached skill level 10 in Shields
  6690 | Elf:3    | Noticed a deep elf sorcerer
  6701 | Elf:3    | Killed a deep elf sorcerer
  6703 | Elf:3    | Noticed a deep elf sorcerer
  6717 | Elf:3    | Killed a deep elf sorcerer
  6731 | Elf:3    | Noticed a deep elf high priest
  6731 | Elf:3    | HP: 6/121 [deep elf high priest/burst of hellfire (20)]
  6744 | Elf:3    | Killed a deep elf high priest
  6755 | Elf:3    | Noticed a deep elf annihilator
  6768 | Elf:3    | Killed a deep elf annihilator
  6805 | Elf:3    | Gained mutation: You resist negative energy. [Deep Dwarf growth]
  6805 | Elf:3    | Reached XP level 14. HP: 97/129 MP: 18/18
  6811 | Elf:3    | Noticed a deep elf annihilator
  6833 | Elf:3    | Killed a deep elf annihilator
  6838 | Elf:3    | Noticed a deep elf sorcerer
  6839 | Elf:3    | Noticed a deep elf blademaster
  6867 | Elf:3    | Killed a deep elf sorcerer
  6867 | Elf:3    | Reached skill level 17 in Axes
  6957 | Elf:3    | Noticed a deep elf high priest
  6972 | Elf:3    | Noticed a deep elf sorcerer
  6992 | Elf:3    | Killed a deep elf sorcerer
  7011 | Elf:3    | Killed a deep elf high priest
  7071 | Elf:3    | Noticed a deep elf high priest
  7086 | Elf:3    | Killed a deep elf high priest
  7113 | Elf:3    | Noticed a deep elf high priest
  7124 | Elf:3    | Killed a deep elf high priest
  7126 | Elf:3    | Noticed a deep elf annihilator
  7149 | Elf:3    | Killed a deep elf annihilator
  7173 | Elf:3    | Noticed a deep elf demonologist
  7193 | Elf:3    | Killed a deep elf demonologist
  7198 | Elf:3    | Noticed a deep elf annihilator
  7217 | Elf:3    | Killed a deep elf annihilator
  7251 | Elf:3    | Noticed a deep elf blademaster
  7269 | Elf:3    | Killed a deep elf blademaster
  7275 | Elf:3    | Noticed Aizul
  7302 | Elf:3    | Killed Aizul
  7334 | Elf:3    | Noticed a deep elf sorcerer
  7355 | Elf:3    | Killed a deep elf sorcerer
  7396 | Elf:3    | Killed a deep elf sorcerer
  7400 | Elf:3    | Noticed a deep elf sorcerer
  7415 | Elf:3    | Killed a deep elf sorcerer
  7423 | Elf:3    | Noticed a deep elf annihilator
  7453 | Elf:3    | Killed a deep elf annihilator
  7476 | Elf:3    | Noticed a deep elf high priest
  7498 | Elf:3    | Killed a deep elf high priest
  7500 | Elf:3    | Noticed a deep elf annihilator
  7535 | Elf:3    | Killed a deep elf annihilator
  7560 | Elf:3    | Noticed a deep elf demonologist
  7579 | Elf:3    | Killed a deep elf demonologist
  7579 | Elf:3    | Reached skill level 18 in Axes
  7615 | Elf:3    | Noticed a deep elf death mage
  7644 | Elf:3    | Killed a deep elf death mage
  7649 | Elf:3    | Noticed a deep elf sorcerer
  7669 | Elf:3    | Killed a deep elf sorcerer
  7678 | Elf:3    | Noticed a deep elf death mage
  7713 | Elf:3    | Killed a deep elf blademaster
  7721 | Elf:3    | Killed a deep elf death mage
  7814 | Elf:3    | Noticed a deep elf blademaster
  7836 | Elf:3    | Killed a deep elf blademaster
  7836 | Elf:3    | Reached XP level 15. HP: 96/135 MP: 17/19
  7844 | Elf:3    | Noticed a deep elf sorcerer
  7860 | Elf:3    | Killed a deep elf sorcerer
  7877 | Elf:3    | Noticed a deep elf demonologist
  7877 | Elf:3    | Noticed a deep elf annihilator
  7891 | Elf:3    | Noticed a deep elf master archer
  7893 | Elf:3    | Killed a deep elf demonologist
  7899 | Elf:3    | Killed a deep elf annihilator
  7900 | Elf:3    | Noticed a deep elf sorcerer
  7909 | Elf:3    | Killed a deep elf sorcerer
  7935 | Elf:3    | Killed a deep elf master archer
  7942 | Elf:3    | Got a faintly humming shield
  7955 | Elf:3    | Noticed a deep elf annihilator
  7970 | Elf:3    | Killed a deep elf annihilator
  7984 | Elf:3    | Identified the Incunabulum of Moulding and Weightlessness
  8066 | Elf:3    | Identified the cursed +0 shield of Raim {rF+} (You took it off a deep elf demonologist on level 3 of the Elven Halls)
  8080 | Elf:3    | Identified the Collected Works on Confrontation and the Voyage (You found it on level 3 of the Elven Halls)
  8082 | Elf:3    | Identified a +5 rod of ignition (10/10) (You took it off a deep elf annihilator on level 3 of the Elven Halls)
  8100 | Elf:3    | Noticed a deep elf blademaster
  8114 | Elf:3    | Killed a deep elf blademaster
  8118 | Elf:3    | Noticed a deep elf sorcerer
  8132 | Elf:3    | Noticed a deep elf sorcerer
  8139 | Elf:3    | Killed a deep elf sorcerer
  8147 | Elf:3    | Killed a deep elf sorcerer
  8449 | Lair:1   | Entered Level 1 of the Lair of Beasts
  8450 | Lair:1   | Found a shimmering altar of Xom.
  8691 | Lair:2   | Reached skill level 19 in Axes
  8791 | Lair:3   | Found a dark tunnel.
  8803 | Volcano  | Entered a volcano
  8822 | Volcano  | Reached skill level 10 in Fighting
  9103 | Volcano  | Noticed Menkaure
  9113 | Volcano  | Killed Menkaure
  9302 | Lair:6   | Noticed Josephine
  9312 | Lair:6   | Killed Josephine
  9369 | Lair:6   | Found a staircase to the Slime Pits.
  9455 | Lair:6   | You fall through a shaft!
  9455 | Lair:8   | Entered Level 8 of the Lair of Beasts
  9965 | Lair:8   | Got a glittering glass ring
  9969 | Lair:8   | Identified the ring of Greed {+Fly rN++} (You found it on level 8 of the Lair of Beasts)
 10352 | Lair:4   | Reached XP level 16. HP: 113/148 MP: 20/20
 10675 | Lair:5   | Found a hole to the Spider Nest.
 10788 | Lair:5   | Found a staircase to the Shoals.
 10810 | Shoals:1 | Entered Level 1 of the Shoals
 11125 | Shoals:2 | Reached skill level 20 in Axes
 11178 | Shoals:2 | Got a transparent ring mail
 11189 | Shoals:2 | Identified the +5 ring mail of the Pleiades {MR+} (You found it on level 2 of the Shoals)
 11260 | Shoals:2 | Reached skill level 15 in Armour
 11343 | Shoals:2 | Received a gift from Trog
 11347 | Shoals:2 | wow
 11554 | Shoals:3 | HP: 7/225 [merfolk javelineer/javelin (13)]
 11563 | Shoals:3 | HP: 7/225 [faun/sling bullet (3)]
 11567 | Shoals:3 | Shot with a sling bullet by a faun

Vault maps used:
D:1:      shiori_arrival_oz, minivault_14, minmay_strange_pillars,
          minmay_door_square
D:2:      lemuel_coloured_pillars_altar, elyvilon_altar_5
D:3:      ashenzari_conservatory_becter, first_bread, uniq_crazy_yiuf_cottage
D:4:      kennysheep_the_goblin_king, serial_shops, nicolae_shop_stone,
          kennysheep_flooded_box, grunt_tough_drop
D:5:      nrook_mini_vaults, minmay_small_thing
D:6:      xom_confusion_cloud, grunt_gozag_statues
D:7:      grunt_qazlal_clouds, lemuel_doored_altar,
          minmay_temple_entry_from_below_a
D:8:      grunt_pizzeria, uniq_maurice, uniq_erolcha
D:9:      kennysheep_little_box
D:10:     lair_0_dummy, erik_orc_3, minmay_stone_trees_small,
          minmay_misc_feat_square
Lair:1:   lemuel_ratsnest, basic_altar, hibernation_bobbens
Lair:2:   grunt_forest_stairs_clearing
Lair:3:   enter_volcano_3, pf_torpor_hydra
Lair:4:   grunt_forest_small_clearing_treed, serial_bayou_shore_b,
          lemuel_fruit_tree
Lair:5:   minmay_shoals_entry_lonely_mermaid, nicolae_spider_entry_non_spiders,
          nicolae_lair_grove_arrangements, beast_lair_carwin_5
Lair:6:   lemuel_slime, nicolae_slime_entry_slimehenge, serial_bayou_shore_b,
          uniq_josephine
Lair:8:   due_jungle_book, grunt_megastairs_3
Shoals:2: st_cyclops
Shoals:3: nicolae_shoals_island_circles, st_sunken_temple
Orc:1:    nicolae_orc_accident_1, minmay_orc_temple_a
Orc:2:    uniq_sonja
Orc:3:    basic_altar, nicolae_orc_pool_cavern, uniq_rupert
Orc:4:    st_orc_pillars, david_defended_altar_orc
Elf:1:    serial_shops, shop_statue, minmay_elf_crystal_heptagon, uniq_agnes
Elf:3:    minmay_elf_hall_four_x, serial_shops, nicolae_shop_overgrown_old_shop,
          nemelex_altar_shiori, uniq_mara, uniq_aizul
Volcano:  volcano_tomb

Action                   |  1- 3 |  4- 6 |  7- 9 | 10-12 | 13-15 | 16-18 || total
-------------------------+-------+-------+-------+-------+-------+-------++-------
Melee: Hand axe          |    42 |    63 |   108 |   518 |  1244 |   355 ||  2330
       War axe           |       |       |    67 |       |       |       ||    67
       Broad axe         |       |       |       |    36 |       |       ||    36
       Battleaxe         |       |       |       |    20 |       |       ||    20
 Fire: Blowgun           |       |       |     1 |       |       |       ||     1
Invok: Berserk           |     5 |     6 |    15 |    27 |    26 |    11 ||    90
       Trog's Hand       |     1 |     5 |    13 |    36 |    58 |    13 ||   126
       Brothers in Arms  |       |       |       |       |     2 |       ||     2
       Burn Spellbooks   |       |       |       |       |     2 |       ||     2
 Abil: Device Recharging |       |       |       |     1 |     1 |       ||     2
       Evoke Invisibilit |       |       |       |       |     4 |       ||     4
       Evoke Flight      |       |       |       |       |       |     4 ||     4
Evoke: Wand              |       |       |     7 |     5 |    11 |     2 ||    25
  Use: Scroll            |       |       |     5 |     4 |    14 |    11 ||    34
       Potion            |       |       |       |     2 |     2 |     1 ||     5
 Stab: Sleeping          |     1 |     1 |     1 |       |       |       ||     3
       Invisible         |       |       |       |       |    24 |    13 ||    37
  Eat: Chunk             |     3 |     8 |    19 |    41 |    38 |    18 ||   127
       Bread ration      |       |       |     1 |     1 |     2 |       ||     4
       Pizza             |       |       |       |       |     1 |       ||     1
       Royal jelly       |       |       |       |       |     3 |       ||     3
       Meat ration       |       |       |       |       |     1 |       ||     1
       Beef jerky        |       |       |       |       |       |     2 ||     2
